 Dungeon Crawl Stone Soup version 0.30-a0-279-g4b46babb21 (webtiles) character file.

Game seed: 1309281621313444456

31316 plokij the Fencer (level 13, -9/119 HPs)
             Began as a Minotaur Berserker on Oct 16, 2022.
             Was a High Priest of Trog.
             Mangled by Mlioglotl (16 damage)
             ... on level 1 of the Snake Pit.
             The game lasted 02:10:40 (24007 turns).

plokij the Fencer (Minotaur Berserker)             Turns: 24007, Time: 02:10:42

Health: -9/119     AC: 14    Str: 25 (27) XL:     13   Next: 25%
Magic:  12/12      EV: 12    Int:  2 (4)  God:    Trog [*****.]
Gold:   742        SH:  0    Dex: 19      Spells: 12/12 levels left

rFire   . . .      SeeInvis .    L - +3 falchion (freeze)
rCold   . . .      Faith    .    G - +0 kite shield
rNeg    . . .      Spirit   .    V - +0 plate armour
rPois   .          Reflect  +    (helmet restricted)
rElec   .          Harm     .    (no cloak)
rCorr   .          Rampage  .    K - +1 pair of gloves {Str+3}
Will    .....                    w - +0 pair of boots
Stlth   ..........               y - amulet of reflection
HPRegen 0.39/turn                x - ring of flight
MPRegen 0.13/turn                l - +6 ring of dexterity

@: confused, afraid, flying, studying Shields, unable to drink
A: horns 2, retaliatory headbutt, deformed body, deterioration 1, screaming 1,
inability to drink after injury 1
a: Renounce Religion, Berserk, Trog's Hand, Brothers in Arms


You were on level 1 of the Snake Pit.
You worshipped Trog.
Trog was extremely pleased with you.
You visited 4 branches of the dungeon, and saw 15 of its levels.
You also visited: Sewer.

You collected 1318 gold pieces.
You spent 576 gold pieces at shops.

Inventory:

Hand Weapons
 b - a +0 demon whip
 k - a +0 sling of flaming
 v - a +1 demon whip of venom
 L - a +3 falchion of freezing (weapon)
 Y - a +0 arbalest
Missiles
 f - a throwing net
 j - 112 stones
Armour
 w - a +0 pair of boots (worn)
 A - the +0 scale mail "Ymmeo" {rN+ Will+ rCorr}
   (You found it on level 1 of the Snake Pit)

   rN:        It protects you from negative energy.
   rCorr:     It protects you from acid and corrosion.
   Will:      It increases your willpower.
 G - a +0 kite shield (worn)
 K - a +1 pair of gloves of strength (worn)
 M - +0 steam dragon scales
 T - +0 acid dragon scales
 V - a +0 plate armour (worn)
Jewellery
 l - a +6 ring of dexterity (right hand)
 x - a ring of flight (left hand)
 y - an amulet of reflection (around neck)
Wands
 z - a wand of quicksilver (4)
 E - a wand of polymorph (9)
 I - a wand of mindburst (9)
 N - a wand of flame (22)
 W - a wand of iceblast (12)
Scrolls
 c - 2 scrolls of fog
 e - 8 scrolls of identify
 i - 5 scrolls of immolation
 n - 3 scrolls of poison
 p - 2 scrolls of enchant armour
 r - 4 scrolls of blinking
 s - 4 scrolls of teleportation
 t - 3 scrolls of enchant weapon
 D - a scroll of vulnerability {unknown}
 J - a scroll of summoning {unknown}
 O - a scroll of amnesia {unknown}
 P - 2 scrolls of fear {unknown}
 R - a scroll of magic mapping {unknown}
 X - a scroll of noise {unknown}
 Z - a scroll of torment {unknown}
Potions
 d - a potion of heal wounds (quivered)
 g - a potion of mutation
 h - 2 potions of attraction
 m - 2 potions of might
 o - 7 potions of degeneration
 q - 4 potions of curing
 u - 4 potions of flight
 B - 2 potions of berserk rage
 C - a potion of brilliance
 Q - a potion of lignification
 S - 2 potions of resistance
 U - a potion of magic


   Skills:
 + Level 12.5 Fighting
 + Level 15.6 Long Blades
 - Level 5.3 Ranged Weapons
 + Level 12.2 Armour
 + Level 11.2 Dodging
 + Level 9.8 Shields


You had 12 spell levels left.
You didn't know any spells.
Your spell library contained the following spells:

 Spells                   Type           Power      Damage    Failure   Level
 Apportation              Tloc           0%         N/A       100%        1
 Foxfire                  Conj/Fire      0%         2x1d4     100%        1
 Shock                    Conj/Air       0%         1d3       100%        1
 Swiftness                Air            0%         N/A       100%        3
 Tukima's Dance           Hex            0%         N/A       100%        3
 Airstrike                Air            0%         2d(0-16)  100%        4
 Passage of Golubria      Tloc           0%         N/A       100%        4
 Blade Hands              Tmut           0%         N/A       100%        5
 Fireball                 Conj/Fire      0%         3d3       100%        5
 Freezing Cloud           Conj/Ice/Air   0%         6-21      100%        5
 Irradiate                Conj/Tmut      0%         3d11      100%        5
 Yara's Violent Unravell  Hex/Tmut       0%         3d3       100%        5
 Simulacrum               Ice/Necr       0%         N/A       100%        6
 Starburst                Conj/Fire      0%         6d3       100%        6
 Dragon Form              Tmut           0%         N/A       100%        7
 Polar Vortex             Ice            0%         N/A       100%        9


Dungeon Overview and Level Annotations

Branches:
Dungeon (11/15)            Temple (0/1) D:5            Lair (2/5) D:11
 Shoals (0/4) Lair:2        Snake (1/4) Lair:2          Orc (1/2) D:10
  Sewer (visited)

Altars:
Cheibriados
Dithmenos
Elyvilon
Fedhas
Hepliaklqana
Nemelex Xobeh
Okawaru
Qazlal
Ru
Sif Muna
Trog
Uskayaw
Vehumet
Xom
Yredelemnul
Zin

Shops:
D:5 [[(=   Orc:1 !   Snake:1 :==

Annotations:
Snake:1 Mlioglotl


Innate Abilities, Weirdness & Mutations

You have a pair of horns on your head.
You reflexively headbutt those who attack you in melee.
Armour fits poorly on your strangely shaped body.
Your body sometimes deteriorates upon taking damage.
You occasionally shout uncontrollably at your foes.
You occasionally lose the ability to drink potions when taking damage.


Message History

* * * LOW HITPOINT WARNING * * *
You feel much better.
The deep elf pyromancer disappears in a puff of smoke!
The fire elemental disappears in a puff of smoke!
Mlioglotl barely misses you. You block Mlioglotl's attack.
You block the worldbinder's attack. The worldbinder closely misses you.
The golden eye blinks at you.
You are confused.
The orange demon barely misses you. Mlioglotl closely misses you.
Mlioglotl tramples you.
You are shoved backwards!
The worldbinder calls forth creatures from the Elven Halls!
You are too confused!
You bump into the rock wall.
The deep elf zephyrmancer disappears in a puff of smoke!
Mlioglotl churns violently!
Mlioglotl corrupts the dungeon around him!
The deep elf zephyrmancer casts a spell.
The deep elf zephyrmancer blinks!
You bump into the rock wall.
The neqoxec shouts!
You hear a roar!
Mlioglotl hits you!!
You feel threatened and lose the ability to drink potions!
Mlioglotl tramples you!!
* * * LOW HITPOINT WARNING * * *
You are shoved backwards!
The deep elf knight casts a spell.
The deep elf knight flickers and vanishes!
Deactivating autopickup; reactivate with Ctrl-A.
Okay, then.
Autopickup is now on.
You are too confused!
You are too confused!
The tormentor roars!
The golden eye blinks at you.
You are more confused.
The neqoxec gestures at you.
You feel dopey. Something feeds on your intellect!
Mlioglotl closely misses you. Mlioglotl tramples you!
You die...

....##### #........##
...###..####........#
...##....#..........#
.#.......#..........#
.#.##...............#
#.###..............##
.## #...............#
#.###........#2....##
#..###.......##X@.##
.##..#.....##.G#x##
.####.....###..4.#
..# ########3{.e.##
..## ##..h...3.#
...## ##.....h..##
..3.####.e#....#.#
..#.##....#......#
..##..##.........#


You could see Mlioglotl (strong, scary), an orange demon (summoned), a deep elf
knight (summoned), a worldbinder (summoned), a deep elf zephyrmancer (summoned),
a tormentor (summoned), a raiju (summoned), 2 neqoxecs and a golden eye
(summoned).

Vanquished Creatures
  A nagaraja (Snake:1)
  Aizul (Snake:1)
  A balrug (Orc:1)
  An anaconda (Snake:1)
  A centaur warrior (D:10)
  A two-headed ogre (D:11)
  2 naga warriors (Snake:1)
  Urug (D:10)
  A shock serpent (Snake:1)
  Amaemon (D:10)
  An orc sorcerer (Orc:1)
  A cyclops (Orc:1)
  3 merfolk sirens (Lair:2)
  An orange demon (D:10)
  A gargoyle (D:11)
  6 elephants (Lair:1)
  7 black mambas
  5 cane toads
  A naga mage (Snake:1)
  3 komodo dragons (Lair:1)
  2 rime drakes (Lair:1)
  4 trolls
  A merfolk (Lair:2)
  2 hornets (D:7)
  2 shadows
  18 yaks
  3 wyverns
  2 wraiths
  A basilisk (Lair:1)
  2 vampire mosquitoes (D:11)
  2 steam dragons
  Edmund (D:5)
  2 acid dragons (D:9)
  10 water moccasins
  9 orc warriors
  A sky beast (D:8)
  11 ogres
  A wolf (D:11)
  3 centaurs
  Blork the orc (D:4)
  7 kobold brigands
  11 bullfrogs
  3 necrophages
  6 gnoll sergeants
  18 wights
  6 killer bees (D:8)
  10 howler monkeys
  6 electric eels
  A gnoll bouda (D:6)
  13 hounds
  A jelly (D:6)
  5 orc priests
  12 orc wizards
  4 iguanas
  A statue (D:4)
  25 gnolls
  14 adders
  4 river rats (Sewer)
  2 shadow imps
  3 white imps
  An ufetubus (D:4)
  5 worms
  7 dart slugs
  56 orcs
  8 ball pythons
  12 bats
  7 endoplasms
  9 giant cockroaches
  3 goblins
  5 hobgoblins
  4 jackals
  4 quokkas
  7 frilled lizards
  14 kobolds
  6 rats
418 creatures vanquished.

Vanquished Creatures (others)
  A gnoll (D:6)
  An orc (D:11)
  11 fungi
  36 plants
49 creatures vanquished.

Grand Total: 467 creatures vanquished

Notes
Turn   | Place    | Note
-------+----------+-------------------------------------------
     0 | D:1      | plokij the Minotaur Berserker began the quest for the Orb.
     0 | D:1      | Reached XP level 1. HP: 19/19 MP: 0/0
   128 | D:1      | Found a faded altar of an unknown god.
   165 | D:1      | Reached XP level 2. HP: 21/27 MP: 1/1
   234 | D:1      | Reached skill level 4 in Long Blades
  1118 | D:2      | Reached ** piety under Trog
  1119 | D:2      | Reached XP level 3. HP: 31/33 MP: 2/2
  1322 | D:2      | Reached XP level 4. HP: 27/40 MP: 3/3
  2057 | D:3      | Reached skill level 5 in Long Blades
  2078 | D:3      | Found a glowing drain.
  2101 | Sewer    | Entered a sewer
  2230 | Sewer    | Reached XP level 5. HP: 13/47 MP: 4/4
  3403 | D:4      | Noticed Blork the orc
  3412 | D:4      | Killed Blork the orc
  3413 | D:4      | Reached skill level 5 in Fighting
  3413 | D:4      | Reached skill level 6 in Long Blades
  3413 | D:4      | Reached XP level 6. HP: 56/56 MP: 5/5
  3793 | D:4      | Reached XP level 7. HP: 61/61 MP: 4/6
  3794 | D:4      | Reached *** piety under Trog
  3886 | D:4      | Found an iron altar of Okawaru.
  3954 | D:4      | Found a radiant altar of Vehumet.
  4021 | D:5      | Entered Level 5 of the Dungeon
  4028 | D:5      | Reached skill level 7 in Long Blades
  4087 | D:5      | Reached skill level 5 in Armour
  4249 | D:5      | Found Qeidiejeliy's Armour Boutique.
  4294 | D:5      | Identified the +8 spear of Dismemberment {elec, *Corrode
                  | rF+ Str+2}
  4355 | D:5      | Found a staircase to the Ecumenical Temple.
  4359 | D:5      | Found Ficlob's Armour Emporium.
  4361 | D:5      | Found a sparkling altar of Nemelex Xobeh.
  4597 | D:5      | Found Maemody's Weapon Shop.
  4622 | D:5      | Found Yrioj's Jewellery Shoppe.
  4702 | D:5      | Noticed Edmund
  4712 | D:5      | Killed Edmund
  4713 | D:5      | Reached skill level 8 in Long Blades
  4713 | D:5      | Reached skill level 5 in Dodging
  4713 | D:5      | Reached XP level 8. HP: 70/70 MP: 5/7
  4985 | D:5      | Found a bloodstained altar of Trog.
  5120 | D:5      | Found a shimmering blue altar of Sif Muna.
  5138 | D:5      | Got Sif Muna's Catalogue of Torrid Orientation
  5596 | D:6      | Reached skill level 9 in Long Blades
  6125 | D:6      | Reached XP level 9. HP: 74/79 MP: 8/8
  6369 | D:6      | Found a white marble altar of Elyvilon.
  6369 | D:6      | Found a snail-covered altar of Cheibriados.
  6369 | D:6      | Found a shadowy altar of Dithmenos.
  6371 | D:6      | Found a glowing silver altar of Zin.
  6371 | D:6      | Found a sacrificial altar of Ru.
  6371 | D:6      | Found a blossoming altar of Fedhas.
  6373 | D:6      | Found a stormy altar of Qazlal.
  6373 | D:6      | Found a shimmering altar of Xom.
  6373 | D:6      | Found a hazy altar of Hepliaklqana.
  6659 | D:7      | Reached skill level 10 in Long Blades
  7205 | D:7      | Reached **** piety under Trog
  7206 | D:7      | Reached skill level 11 in Long Blades
  7421 | D:7      | Found a hide-covered altar of Uskayaw.
  7847 | D:8      | Reached XP level 10. HP: 90/90 MP: 6/9
  8699 | D:8      | Reached skill level 12 in Long Blades
 10287 | D:10     | Entered Level 10 of the Dungeon
 10287 | D:10     | Noticed Amaemon
 10287 | D:10     | Noticed an orange demon
 10616 | D:10     | Noticed a centaur warrior
 10629 | D:10     | Killed a centaur warrior
 10630 | D:10     | Reached skill level 13 in Long Blades
 10704 | D:10     | Noticed Urug
 11011 | D:10     | Killed Urug
 11339 | D:10     | Reached XP level 11. HP: 95/95 MP: 6/10
 11800 | D:10     | Reached skill level 10 in Fighting
 11880 | D:10     | Killed Amaemon
 12362 | D:10     | Reached skill level 10 in Armour
 12380 | D:10     | Reached skill level 14 in Long Blades
 12430 | D:10     | Found a basalt altar of Yredelemnul.
 12462 | D:10     | Found a staircase to the Orcish Mines.
 13398 | D:10     | Reached skill level 1 in Ranged Weapons
 13600 | D:10     | Gained mutation: You occasionally lose the ability to drink
                  | potions when taking damage. [potion of mutation]
 13600 | D:10     | Gained mutation: Your body sometimes deteriorates upon
                  | taking damage. [potion of mutation]
 13600 | D:10     | Gained mutation: You occasionally shout uncontrollably at
                  | your foes. [potion of mutation]
 15151 | D:11     | Found a staircase to the Lair.
 16485 | D:11     | Noticed a two-headed ogre
 16490 | D:11     | Reached skill level 5 in Ranged Weapons
 16511 | D:11     | Reached skill level 1 in Shields
 16516 | D:11     | Killed a two-headed ogre
 17350 | Orc:1    | Entered Level 1 of the Orcish Mines
 17350 | Orc:1    | Noticed an orc sorcerer
 17354 | Orc:1    | Killed an orc sorcerer
 17393 | Orc:1    | Found Eqerch's Distillery.
 17428 | Orc:1    | Reached XP level 12. HP: 95/108 MP: 8/11
 18023 | Orc:1    | Found a runed translucent door.
 18026 | Orc:1    | Noticed a balrug
 18549 | Orc:1    | Killed a balrug
 18933 | Lair:1   | Entered Level 1 of the Lair of Beasts
 19040 | Lair:1   | Reached skill level 5 in Shields
 19199 | Lair:1   | Reached skill level 10 in Dodging
 20452 | Lair:2   | Reached skill level 15 in Long Blades
 20751 | Lair:2   | Found a staircase to the Shoals.
 20769 | Lair:2   | Reached ***** piety under Trog
 21491 | Lair:2   | Found a staircase to the Snake Pit.
 22404 | Snake:1  | Entered Level 1 of the Snake Pit
 22405 | Snake:1  | Noticed an anaconda
 22416 | Snake:1  | Killed an anaconda
 22417 | Snake:1  | Reached XP level 13. HP: 118/118 MP: 10/12
 22638 | Snake:1  | Identified the +0 scale mail "Ymmeo" {rN+ Will+ rCorr}
 22972 | Snake:1  | Noticed a nagaraja
 22986 | Snake:1  | Killed a nagaraja
 23289 | Snake:1  | Noticed Aizul
 23305 | Snake:1  | Killed Aizul
 23433 | Snake:1  | Found Baenyg's Jewellery Shop.
 23716 | Snake:1  | Found Wuedol's Book Shoppe.
 23717 | Snake:1  | Found Erio's Jewellery Shop.
 23754 | Snake:1  | Bought a +6 ring of dexterity for 576 gold pieces
 23971 | Snake:1  | Noticed Mlioglotl
 23972 | Snake:1  | Noticed a nagaraja
 23989 | Snake:1  | Gained mutation: Armour fits poorly on your strangely
                  | shaped body. [a neqoxec]
 24007 | Snake:1  | Mangled by Mlioglotl

Illustrated notes

Levels and vault maps discovered:
D:1:      tarquinn_simple_flora_water_f, layout_basic,
          shapermc_ecumenical_altar_mp_ritualfount
D:2:      layout_rooms, serial_curves, eino_curves_01, eino_curves_01,
          eino_curves_01, eino_curves_01
D:3:      layout_rooms, portal_sewer_entry_f
D:4:      layout_rooms, general_overflow_altar, vehumet_statue,
          minmay_manual_monstrance, uniq_blork_the_orc
D:5:      cheibrodos_helix_gallery, layout_basic,
          nzn_overflow_gifts_of_might_and_magic, overflow_temple_1_default,
          minmay_temple_entry_overgrown, serial_shops,
          nicolae_shop_window_shopping, nicolae_shop_stone, shop,
          nicolae_shop_hallway_plus, uniq_edmund
D:6:      layout_loops_ring, nicolae_overflows_in_rows, grunt_ministairs_4
D:7:      layout_basic, mainiacjoe_overflow_six_doors_small
D:8:      layout_layer_cave
D:9:      layout_stronghold
D:10:     layout_roguey [special_room_orc], lemuel_tele_altar,
          kennysheep_orc_monster_closet_entryway, uniq_amaemon, uniq_urug
D:11:     layout_small_grid, erik_lair_island
Lair:1:   layout_long_grid, portal_ice_cave_rime, serial_bayou_lake_a
Lair:2:   layout_layer_cave, elwin_shoals_entry_stream,
          minmay_snake_entry_six_corridors, chequers_serial_rivers_small_3,
          beast_lair_carwin_1
Snake:1:  layout_chambers, serial_shops, shop_statue,
          nicolae_snake_scaly_snakehead, minmay_shop_grove, uniq_mlioglotl,
          uniq_aizul
Orc:1:    dreamdust_dug_too_deep, layout_diamond_mine, serial_shops,
          nicolae_square_shop, basic_altar

Skill      XL: |  1  2  3  4  5  6  7  8  9 10 11 12 13 |
---------------+----------------------------------------+-----
Long Blades    | 4 5 6 8 9 11 13 14 15 | 15.6
Fighting       | 4 5 6 7 8 9 10 12 | 12.5
Armour         | 3 4 5 6 8 9 10 11 12 | 12.2
Dodging        | 3 4 5 6 7 8 9 10 11 | 11.2
Ranged Weapons | 5 |  5.3
Shields        | 3 8 9 |  9.8

Action                   |  1- 3 |  4- 6 |  7- 9 | 10-12 | 13-15 || total
-------------------------+-------+-------+-------+-------+-------++-------
Melee: Falchion          |    63 |   144 |    34 |   659 |    82 ||   982
       Headbutt          |    10 |    14 |    62 |   162 |    19 ||   267
       Punch             |     1 |       |     3 |     6 |       ||    10
       Long sword        |       |    15 |   255 |       |       ||   270
 Fire: Arbalest          |       |       |       |   183 |       ||   183
Invok: Berserk           |     1 |     6 |    23 |    31 |     3 ||    64
  Use: Potion            |       |       |       |     7 |     1 ||     8
       Scroll            |       |       |       |     2 |     9 ||    11
 Stab: Sleeping          |     1 |       |       |       |       ||     1
Armor: Animal skin       |     5 |     2 |       |       |       ||     7
       Ring mail         |       |    61 |       |       |       ||    61
       Scale mail        |       |     2 |    19 |       |       ||    21
       Chain mail        |       |       |    76 |    42 |       ||   118
       Plate armour      |       |       |       |   281 |    18 ||   299
Dodge: Dodged            |    43 |   123 |   118 |   322 |    33 ||   639
Block: Buckler           |       |       |       |     9 |       ||     9
       Kite shield       |       |       |       |   116 |    40 ||   156

Table legend: (Time is in decaauts)
 A = Elapsed time spent in this place.
 B = Non-inter-level travel time spent in this place.
 C = Inter-level travel time spent in this place.
 D = Time resting spent in this place.
 E = Time spent auto-exploring this place.
 F = Levels seen in this place.
 G = Mean time per level.
                   A        B        C        D        E       F      G
               +--------+--------+--------+--------+--------+-----+--------+
         Total |  24858 |  18274 |   6584 |   8403 |   5522 |  16 | 1553.6 |
       Dungeon |  17062 |  13020 |   4042 |   5959 |   4139 |  11 | 1551.1 |
          Lair |   3440 |   2081 |   1359 |    817 |    751 |   2 | 1720.0 |
     Snake Pit |   1609 |   1176 |    433 |    882 |     30 |   1 | 1609.0 |
  Orcish Mines |   1515 |    766 |    749 |    470 |     89 |   1 | 1515.0 |
         Sewer |   1230 |   1230 |      0 |    274 |    512 |   1 | 1230.0 |
               +--------+--------+--------+--------+--------+-----+--------+

Top non-repeatable levels by time:
    D:10: 4716 daAuts
     D:9: 1967 daAuts
  Lair:2: 1878 daAuts
    D:11: 1710 daAuts
     D:8: 1632 daAuts
 Snake:1: 1609 daAuts
  Lair:1: 1561 daAuts
   Orc:1: 1515 daAuts
     D:5: 1407 daAuts
     D:7: 1332 daAuts
   Sewer: 1230 daAuts
     D:6: 1182 daAuts
     D:1: 1100 daAuts
     D:2: 799 daAuts
     D:4: 683 daAuts
